 Dungeon Crawl Stone Soup version 0.31-a0-188-g5e087ee2ca (webtiles) character file.

Game seed: 15716977733850302002

636 qw the Skirmisher (level 7, -3/40 HPs)
             Began as a Deep Elf Hunter on June 23, 2023.
             Succumbed to an orc's poison
             ... on level 4 of the Dungeon.
             The game lasted 00:01:26 (3686 turns).

qw the Skirmisher (Deep Elf Hunter)                 Turns: 3686, Time: 00:01:26

Health: -3/40      AC:  6    Str: 14    XL:     7   Next: 25%
Magic:  9/9        EV: 14    Int: 14    God:
Gold:   103        SH:  0    Dex: 21    Spells: 6/6 levels left

rFire   + . .        Y - +0 shortbow
rCold   . . .        (shield currently unavailable)
rNeg    . . .        h - +0 leather armour of the Stone Wall {Str+4 Dex+3}
rPois   .            g - +0 helmet
rElec   .            c - +0 cloak
rCorr   .            (no gloves)
SInv    .            d - +0 pair of boots
Will    .....        l - amulet of faith
Stlth   ++           b - ring of protection from fire
HPRegen 0.26/turn    (no ring)
MPRegen 0.11/turn

%: faith
@: lethally poisoned (-3 -> -24)
A: no striking features
a: no special abilities


You were on level 4 of the Dungeon.
You visited 1 branch of the dungeon, and saw 4 of its levels.

You collected 103 gold pieces.


   Skills:
 - Level 2.0 Fighting
 + Level 10.9 Ranged Weapons
 - Level 4.0 Dodging
 - Level 1.2 Stealth


You had 6 spell levels left.
You didn't know any spells.
Your spell library was empty.

Inventory:

Hand Weapons
 Y - a +0 shortbow (weapon)
Armour
 c - a +0 cloak (worn)
 d - a +0 pair of boots (worn)
 f - a scarf of repulsion
 g - a +0 helmet (worn)
 h - the +0 leather armour of the Stone Wall (worn) {Str+4 Dex+3}
   (You found it on level 2 of the Dungeon)

   Str:       It affects your strength (+4).
   Dex:       It affects your dexterity (+3).
Jewellery
 b - a ring of protection from fire (left hand)
 l - an amulet of faith (around neck)
Scrolls
 i - 2 scrolls of immolation {unknown}
 k - a scroll of identify
 m - a scroll of amnesia {unknown}
 o - a scroll of enchant armour {unknown}
Potions
 a - a potion of attraction {unknown}
 j - a potion of enlightenment {unknown}
 n - 2 potions of ambrosia {unknown}
 p - a potion of haste {unknown}

Dungeon Overview and Level Annotations

Branches:
Dungeon (4/15)
 Temple: D:4-7

Altars:
Yredelemnul


Message History

The jackal is moderately wounded.
You feel sick. The jackal completely misses you. The orc closely misses you.
An ice beast comes into view.
You shoot an arrow.
The arrow hits the jackal but does no damage.
The jackal is moderately wounded.
You feel sick.
The jackal bites you but does no damage.
The orc closely misses you.
You shoot an arrow. The arrow closely misses the jackal.
You feel sick. The jackal misses you.
The orc hits you from afar with a +2 trident of venom.
You are lethally poisoned!
The jackal closely misses you.
3682 ||| DRINKING potion of heal wounds.
You feel much better.
You feel very sick.
The jackal bites you but does no damage.
The orc hits you from afar with a +2 trident of venom.
You are lethally poisoned!
You shoot an arrow. The arrow barely misses the jackal.
You feel very sick.
The jackal bites you but does no damage.
The orc barely misses you.
You shoot an arrow. The arrow barely misses the jackal.
You feel very sick.
You hear an angry hiss.
The jackal barely misses you. The jackal closely misses you.
The orc hits you from afar with a +2 trident of venom.
You are more poisoned.
You shoot an arrow.
The arrow hits the jackal but does no damage.
The jackal is moderately wounded.
You feel very sick.
The jackal bites you but does no damage.
The orc barely misses you.
You shoot an arrow.
The arrow hits the jackal but does no damage.
The jackal is moderately wounded.
You die...

..... ....# # #.
.... .# #.# ...##.#
#.# #.....### #.#
#....... #.# #.#.o#
#.# ##'@h# #.####
##...#Y# #....#
##....# w#
##.##.###.....# l#
####...#.##......#
?#
.....%....'......#
.#
####...#.##.......#
. ##.##.###.......#
####.# ##........


You could see an ice beast, a worm, an iguana, an orc and a jackal.

Vanquished Creatures
  Eustachio (D:4)
  A phantom (D:3)
  2 scorpions (D:4)
  A scorpion zombie (D:4)
  2 orc wizards
  Terence (D:3)
  4 gnolls
  6 adders
  3 worms
  22 orcs
  8 ball pythons
  3 endoplasms
  2 giant cockroaches
  4 goblins
  11 hobgoblins
  3 jackals (D:1)
  2 kobolds (D:2)
  3 quokkas
  5 bats
  2 frilled lizards (D:3)
  A quokka zombie (D:4)
  4 rats
91 creatures vanquished.

Notes
Turn   | Place    | Note
-------+----------+-------------------------------------------
     0 | D:1      | qw the Deep Elf Hunter began the quest for the Orb.
     0 | D:1      | Reached XP level 1. HP: 12/12 MP: 3/3
     0 | D:1      | 0 ||| qw: Version: 0.3-a-9-g12657ce
     0 | D:1      | 0 ||| qw: Game counter: 3694
     0 | D:1      | 0 ||| qw: Always use a shield: true
     0 | D:1      | 0 ||| qw: God list: Okawaru
     0 | D:1      | 0 ||| qw: Allow faded altars: false
     0 | D:1      | 0 ||| qw: Do Orc after D:15 true
     0 | D:1      | 0 ||| qw: Do second Lair branch before Depths: true
     0 | D:1      | 0 ||| qw: Lair rune preference: random
     0 | D:1      | 0 ||| qw: Plans: Normal
     0 | D:1      | 0 ||| PLANNING D:1-11
   196 | D:1      | Found a faded altar of an unknown god.
   203 | D:1      | Reached XP level 2. HP: 16/16 MP: 4/4
   304 | D:1      | Reached skill level 6 in Ranged Weapons
   666 | D:1      | Reached XP level 3. HP: 20/20 MP: 5/5
   765 | D:1      | 765 ||| UPGRADING to +0 pair of boots.
   770 | D:1      | 770 ||| UPGRADING to +0 ring mail.
   780 | D:1      | 780 ||| DROPPING +0 leather armour.
   781 | D:1      | 781 ||| DRINKING 3 amethyst potions.
   782 | D:1      | 782 ||| DROPPING scroll of butterflies.
  1096 | D:2      | Identified the +0 leather armour of the Stone Wall {Str+4
                  | Dex+3}
  1154 | D:2      | Reached skill level 7 in Ranged Weapons
  1581 | D:2      | 1581 ||| UPGRADING to +0 cloak.
  1586 | D:2      | 1586 ||| UPGRADING to +0 helmet.
  1591 | D:2      | 1591 ||| UPGRADING to +0 leather armour of the Stone Wall
                  | {Str+4 Dex+3}.
  1601 | D:2      | 1601 ||| DROPPING +0 ring mail.
  1602 | D:2      | 1602 ||| READING scroll labelled ZITZEPLOPH.
  1603 | D:2      | 1603 ||| READING scroll labelled SYUCWUTSOA.
  1604 | D:2      | 1604 ||| READING 2 scrolls labelled GEOGOCW UROU.
  1698 | D:3      | Reached skill level 3 in Dodging
  1698 | D:3      | Reached XP level 4. HP: 25/25 MP: 6/6
  1873 | D:3      | Reached skill level 8 in Ranged Weapons
  1880 | D:3      | Reached XP level 5. HP: 9/29 MP: 7/7
  2131 | D:3      | Noticed Terence
  2143 | D:3      | Killed Terence
  2488 | D:3      | Noticed a phantom
  2499 | D:3      | Killed a phantom
  2500 | D:3      | Reached skill level 9 in Ranged Weapons
  2744 | D:3      | 2744 ||| UPGRADING to amulet of guardian spirit.
  2749 | D:3      | 2749 ||| UPGRADING to amulet of faith.
  2759 | D:3      | 2759 ||| DROPPING amulet of guardian spirit.
  2760 | D:3      | 2760 ||| UPGRADING to ring of protection from fire.
  2761 | D:3      | 2761 ||| READING scroll labelled KIOBI YMICSAA.
  2795 | D:4      | Reached XP level 6. HP: 35/35 MP: 8/8
  3127 | D:4      | Identified the +12 dagger of Ugul {flame, rCorr Int+3}
  3235 | D:4      | Found a basalt altar of Yredelemnul.
  3445 | D:4      | Noticed Eustachio
  3458 | D:4      | 3458 ||| FLEEEEING.
  3460 | D:4      | 3460 ||| FLEEEEING.
  3462 | D:4      | 3462 ||| FLEEEEING.
  3463 | D:4      | 3463 ||| FLEEEEING.
  3469 | D:4      | 3469 ||| FLEEEEING.
  3488 | D:4      | Killed Eustachio
  3489 | D:4      | Reached skill level 10 in Ranged Weapons
  3489 | D:4      | Reached XP level 7. HP: 30/40 MP: 9/9
  3673 | D:4      | HP: 9/40 [orc/+2 trident of venom (3)]
  3674 | D:4      | 3674 ||| DRINKING 2 potions of heal wounds.
  3681 | D:4      | HP: 9/40 [poisoned by an orc]
  3682 | D:4      | 3682 ||| DRINKING potion of heal wounds.
  3685 | D:4      | HP: 1/40 [poisoned by an orc]
  3686 | D:4      | Succumbed to an orc's poison

Levels and vault maps discovered:
D:1:      saegor_arrival_simple_b, layout_loops_ring,
          ebering_ecumenical_altar_mist, serial_bayou_crossing
D:2:      layout_basic
D:3:      layout_basic, uniq_terence
D:4:      layout_loops_corners, lemuel_zombie_altar_yredelemnul,
          minmay_circle_x, uniq_eustachio

Skill      XL: |  1  2  3  4  5  6 |
---------------+-------------------+-----
Ranged Weapons | 6 7 8 9 10 | 10.9
Dodging        | 3 4 |  4.0
Fighting       | 2 |  2.0
Stealth        | |  1.2

Action                     |  1- 3 |  4- 6 |  7- 9 || total
---------------------------+-------+-------+-------++-------
   Fire: Shortbow          |   101 |   225 |    31 ||   357
    Use: Scroll            |     3 |     1 |       ||     4
         Potion            |     1 |       |     2 ||     3
 Armour: Leather armour    |     8 |    20 |     8 ||    36
         Ring mail         |     5 |       |       ||     5
  Dodge: Dodged            |    21 |    47 |    24 ||    92

Table legend:
 A = Non-vault XP
 B = Vault XP
 C = Vault XP percentage of total XP
 D = Non-vault monster count
 E = Vault monster count
 F = Vault count percentage of total count
                 A         B        C        D         E       F
            +---------+---------+-------+---------+---------+-------
      Total |     548 |     361 |  39.7 |      86 |       5 |   5.5
            +---------+---------+-------+---------+---------+-------
        D:1 |      42 |       0 |   0.0 |      16 |       0 |   0.0
        D:2 |      52 |       0 |   0.0 |      16 |       0 |   0.0
        D:3 |     237 |      32 |  11.9 |      27 |       1 |   3.6
        D:4 |     217 |     329 |  60.3 |      27 |       4 |  12.9
            +---------+---------+-------+---------+---------+-------
